 Dungeon Crawl Stone Soup version 0.28.0-43-g3370ac3207 (webtiles) character file.

Game seed: 11998970238046575839

44 zcamperz the Skirmisher (level 3, -3/51 HPs)
             Began as a Minotaur Berserker on Mar 28, 2022.
             Was a Follower of Trog.
             Slain by a gnoll
             ... wielding a +2 whip of venom
              (5 damage)
             ... on level 1 of the Dungeon.
             The game lasted 00:01:25 (1001 turns).

zcamperz the Skirmisher (Minotaur Berserker)        Turns: 1001, Time: 00:01:26

Health: -3/51      AC:  2    Str: 23    XL:     3   Next: 41%
Magic:  2/2        EV: 12    Int:  4    God:    Trog [*.....]
Gold:   22         SH:  0    Dex:  9    Spells: 2/2 levels left

rFire   . . .      SeeInvis .   a - +0 hand axe
rCold   . . .      Faith    .   (no shield)
rNeg    . . .      Spirit   .   b - +0 animal skin
rPois   .          Reflect  .   (helmet restricted)
rElec   .          Harm     .   (no cloak)
rCorr   .          Rampage  .   (no gloves)
Will    .....                   (no boots)
Stlth   ..........              (no amulet)
HPRegen 0.17/turn               (no ring)
MPRegen 0.08/turn               (no ring)

@: mighty, berserking, lethally poisoned (-3 -> -10), very quick
A: horns 2, retaliatory headbutt
a: Renounce Religion, Berserk


You were on level 1 of the Dungeon.
You worshipped Trog.
Trog was aware of your devotion.
You visited 1 branch of the dungeon, and saw 2 of its levels.

You collected 22 gold pieces.

Inventory:

Hand Weapons
 a - a +0 hand axe (weapon)
Armour
 b - a +0 animal skin (worn)
Jewellery
 f - a ring of flight
Scrolls
 c - a scroll of identify


   Skills:
 + Level 4.5 Fighting
 + Level 4.4 Axes
 + Level 2.5 Armour
 + Level 2.6 Dodging


You had 2 spell levels left.
You didn't know any spells.
Your spell library was empty.

Dungeon Overview and Level Annotations

Branches:
Dungeon (2/15)

Altars:


Innate Abilities, Weirdness & Mutations

You have a pair of horns on your head.
You reflexively headbutt those who attack you in melee.


Message History

The gnoll shouts! x2; You hear a shout!
A gnoll comes into view. It is wielding a +0 whip.
There is an open door here.
A hobgoblin comes into view.
The gnoll throws a throwing net.
The throwing net barely misses you.
Okay, then.
The hobgoblin shouts!
The gnoll closely misses you.
The gnoll hits you from afar with a +0 spear.
The gnoll hits you with a +0 spear! The gnoll barely misses you.
You furiously retaliate!
You headbutt the gnoll! The gnoll barely misses you. You furiously retaliate!
You headbutt the gnoll! The gnoll closely misses you.
The gnoll barely misses you.
There is a stone staircase leading up here.
The hobgoblin hits you. The gnoll misses you. The gnoll closely misses you.
You furiously retaliate!
You headbutt the gnoll, but do no damage.
The gnoll hits you with a +0 whip.
* * * LOW HITPOINT WARNING * * *
You climb upwards.
There is a stone staircase leading down here.
Okay, then.
You feel very mighty all of a sudden. The hobgoblin closely misses you.
You furiously retaliate!
You headbutt the hobgoblin!
You kill the hobgoblin!
Trog accepts your kill.
The gnoll hits you with a +2 whip of venom!
* * * LOW HITPOINT WARNING * * *
You are lethally poisoned!
The gnoll closely misses you. You furiously retaliate!
You headbutt the gnoll! The gnoll barely misses you. You furiously retaliate!
You headbutt the gnoll!
You kill the gnoll!
Trog accepts your kill.
A red film seems to cover your vision as you go berserk!
You feel yourself moving faster!
You feel mighty!
* * * LOW HITPOINT WARNING * * *
You feel sick.
The gnoll hits you with a +2 whip of venom.
You die...

#..## #.# #....# #.## #.#
####.# #.#######.## #.#
########.#........########†#
............##.........[##.#
##.####...........#####.##.#
#.# #..##.##.##.# #.##.# #[#
#..##.##.##g#####.##.# #.#
#..##.##.g@)#..##.##.# ##.#
#..##.##..##.........# ##.#
#...............#.####
##.#####.##.....##...##.#
........................###
...####.####....#.#.......##
#### #.# #..#......#.###..#
#.# #.....#......###.# #.#
#.#......###..##.#


You could see 2 gnolls.

Vanquished Creatures
  An adder (D:2)
  A gnoll (D:1)
  2 ball pythons (D:1)
  2 bats (D:1)
  3 endoplasms (D:1)
  3 giant cockroaches (D:1)
  5 hobgoblins (D:1)
  A jackal (D:1)
  2 quokkas (D:1)
  A frilled lizard (D:1)
  A kobold (D:1)
  A rat (D:1)
23 creatures vanquished.

Notes
Turn   | Place    | Note
-------+----------+-------------------------------------------
     0 | D:1      | zcamperz the Minotaur Berserker began the quest for the
                  | Orb.
     0 | D:1      | Reached XP level 1. HP: 19/19 MP: 0/0
   232 | D:1      | Reached XP level 2. HP: 22/27 MP: 1/1
   567 | D:1      | Found a faded altar of an unknown god.
   972 | D:2      | Reached XP level 3. HP: 26/34 MP: 2/2
  1001 | D:1      | HP: 2/51 [poisoned by a gnoll]
  1001 | D:1      | Slain by a gnoll

Illustrated notes

Levels and vault maps discovered:
D:1:      lemuel_arrival_behind_the_door_small, layout_loops_ring,
          dreamdust_ecumenical_altar_statues, minmay_three_crescents
D:2:      layout_loops_corners, basic_altar, nicolae_figureground_sparkle

Skill      XL: |  1  2 |
---------------+-------+-----
Fighting       | 4 |  4.5
Axes           | 4 |  4.4
Armour         | |  2.5
Dodging        | |  2.6

Action                   || total
-------------------------++-------
Melee: Hand axe          ||    64
       Headbutt          ||     8
Invok: Berserk           ||     1
  Use: Scroll            ||     2
       Potion            ||     2
Armor: Animal skin       ||    13
Dodge: Dodged            ||    62
